 Dungeon Crawl Stone Soup version 0.29-a0-700-g2f1814c7b2 (webtiles) character file.

Game seed: 10395499622068640052

35 lunkers the Chopper (level 3, -2/30 HPs)
             Began as a Meteoran Gladiator on June 25, 2022.
             Was an Initiate of Ashenzari.
             Splashed by a jelly's acid (5 damage)
             ... on level 3 of the Dungeon.
             The game lasted 00:01:21 (519 turns).

lunkers the Chopper (Meteoran Gladiator)             Turns: 519, Time: 00:01:21

Health: -2/30      AC: -4    Str: 17    XL:     3   Next: 79%
Magic:  4/4        EV: 13    Int:  9    God:    Ashenzari [......]
Gold:   93         SH:  0    Dex: 16    Spells: 2/2 levels left

rFire   . . .      SeeInvis .   a - +0 war axe
rCold   . . .      Faith    .   (no shield)
rNeg    . . .      Spirit   .   b - +0 leather armour
rPois   .          Reflect  .   c - +0 helmet
rElec   .          Harm     .   (no cloak)
rCorr   .          Rampage  .   (no gloves)
Will    .....                   (no boots)
Stlth   +.........              (no amulet)
HPRegen 0.10/turn               (no ring)
MPRegen 0.09/turn               (no ring)

@: corroded, glowing
A: sense surroundings 1, otherworldly, glowing, explore regen
a: Renounce Religion


You were on level 3 of the Dungeon.
You worshipped Ashenzari.
Ashenzari was noncommittal.
You visited 1 branch of the dungeon, and saw 3 of its levels.

You collected 93 gold pieces.

Inventory:

Hand Weapons
 a - a +0 war axe (weapon)
Missiles
 d - 3 throwing nets
 e - a javelin
Armour
 b - a +0 leather armour (worn)
 c - a +0 helmet (worn)
Scrolls
 h - a scroll of teleportation {unknown}
 j - a scroll of identify {unknown}
Potions
 f - 2 potions of heal wounds {unknown}
 g - a potion of mutation {unknown}
 i - a potion of lignification {unknown}
 k - a potion of haste {unknown}
 l - a potion of attraction {unknown}


   Skills:
 + Level 2.9 Fighting
 * Level 4.8 Axes
 - Level 2.4 Throwing
 - Level 3.6 Dodging


You had 2 spell levels left.
You didn't know any spells.
Your spell library contained the following spells:

 Spells                   Type           Power      Damage    Failure   Level
 Blink                    Tloc           0%         N/A       58%         2
 Gell's Gravitas          Tloc           0%         N/A       83%         3
 Lesser Beckoning         Tloc           0%         N/A       83%         3
 Teleport Other           Tloc           0%         N/A       83%         3
 Manifold Assault         Tloc           0%         N/A       100%        5
 Dispersal                Tloc           0%         N/A       100%        6


Dungeon Overview and Level Annotations

Branches:
Dungeon (3/15) Zot: 1262

Altars:
Ashenzari


Innate Abilities, Weirdness & Mutations

You passively map a small area around you.
You are easily found by Zot.
You glow in the dark.
You regain HP and MP as you explore.


Message History

No target in view!
You now have 93 gold pieces (gained 13).
Found a spear.
No target in view!
You see here a +0 spear.
Found a stone staircase leading down.
Search for what [? for help]? armour
l - a lumpy inky potion An adder comes into view.
The adder hisses angrily.
A jelly comes into view.
The jelly quivers.
The adder bites you.
You are poisoned.
The adder poisons you!
The jelly moves out of view.
You miss the adder.
You feel sick. The adder bites you but does no damage.
You slash the adder!
You kill the adder!
You feel sick.
You feel sick.
You feel sick. The jelly hits you.
You are splashed with acid!
* * * LOW HITPOINT WARNING * * *
You are too injured to fight recklessly!
You slash the jelly!
Your hands burn!
* * * LOW HITPOINT WARNING * * *
The jelly is heavily wounded.
You feel sick.
You are no longer poisoned.
The jelly misses you. The jelly barely misses you.
You hit the jelly. The acid corrodes you!
Your hands burn!
* * * LOW HITPOINT WARNING * * *
The jelly is severely wounded.
The jelly barely misses you.
You hit the jelly.
Your hands burn!
* * * LOW HITPOINT WARNING * * *
The jelly is almost dead.
The jelly hits you.
* * * LOW HITPOINT WARNING * * *
The acid corrodes you!
You are splashed with acid.
You die...

##.###.##. , #......# ,
##.###..... ### ...#
*#.### ### .. #### ##.##
#.... #...# #.#.#* ,
#...# #.#.# #...# #.J.#
,* #####...##### #@.# ,
##.).........###..###.#
*
........................
,
##...........####.#.####
, ######...##### .#.# ,
# #......,* .. # #
#....##. * ... * #
#....# # , ... ,* * #
#.#>.# , ,*...# * ,


You could see a jelly.

Vanquished Creatures
  An adder (D:3)
  An orc (D:2)
  3 ball pythons
  3 bats
  5 endoplasms
  A goblin (D:2)
  2 hobgoblins (D:1)
  2 kobolds (D:2)
  2 quokkas (D:2)
  A frilled lizard (D:2)
  2 rats (D:1)
23 creatures vanquished.

Notes
Turn   | Place    | Note
-------+----------+-------------------------------------------
     0 | D:1      | lunkers the Meteoran Gladiator began the quest for the Orb.
     0 | D:1      | Reached XP level 1. HP: 17/17 MP: 2/2
    69 | D:1      | Reached skill level 4 in Axes
    69 | D:1      | Reached XP level 2. HP: 22/25 MP: 3/3
   332 | D:2      | Reached XP level 3. HP: 30/30 MP: 4/4
   452 | D:3      | Found a broken altar of Ashenzari.
   468 | D:3      | Became a worshipper of Ashenzari the Shackled
   519 | D:3      | Splashed by a jelly's acid

Illustrated notes

Levels and vault maps discovered:
D:1:      nzn_arrival_settlement, layout_loops_ring,
          shapermc_ecumenical_altar_flowoftime
D:2:      layout_rooms, uniq_crazy_yiuf_cottage
D:3:      layout_loops_cross, mainiacjoe_overflow_six_doors_small,
          minmay_misc_feat_square

Skill      XL: |  1 |
---------------+----+-----
Axes           | 4 |  4.8
Fighting       | |  2.9
Throwing       | |  2.4
Dodging        | |  3.6

Action                   || total
-------------------------++-------
Melee: War axe           ||    63
Armor: Leather armour    ||    18
Dodge: Dodged            ||    41

Table legend: (Time is in decaauts)
 A = Elapsed time spent in this place.
 B = Non-inter-level travel time spent in this place.
 C = Inter-level travel time spent in this place.
 D = Time resting spent in this place.
 E = Time spent auto-exploring this place.
 F = Levels seen in this place.
 G = Mean time per level.
                   A        B        C        D        E       F      G
               +--------+--------+--------+--------+--------+-----+--------+
         Total |    536 |    526 |     10 |      0 |    337 |   3 |  178.7 |
       Dungeon |    536 |    526 |     10 |      0 |    337 |   3 |  178.7 |
               +--------+--------+--------+--------+--------+-----+--------+

Top non-repeatable levels by time:
     D:2: 225 daAuts
     D:1: 180 daAuts
     D:3: 130 daAuts
